 Dungeon Crawl Stone Soup version 0.26.0-91-g99b343417d (webtiles) character file.

Game seed: 4830403975546847332

481 Majorwet the Ruffian (level 6, 0/48 HPs)
             Began as a Demonspawn Fighter on Feb 2, 2021.
             Splashed by Ijyb's acid (8 damage)
             ... on level 4 of the Dungeon on Feb 3, 2021.
             The game lasted 00:12:32 (6940 turns).

Majorwet the Ruffian (Demonspawn Fighter)           Turns: 6940, Time: 00:12:33

Health: 0/48       AC:  6    Str: 14    XL:     6   Next: 87%
Magic:  0/6        EV:  7    Int: 10    God:
Gold:   181        SH:  9    Dex: 12    Spells: 5/5 levels left

rFire    + . .     SeeInvis +     - Unarmed
rCold    . . .     Faith    .   b - +0 kite shield
rNeg     . . .     Spirit   +   j - +0 ring mail
rPois    .         Reflect  .   q - +0 helmet
rElec    .         Harm     .   u - +1 cloak
rCorr    .         Rampage  .   f - +0 pair of gloves
Will     .....                  (no boots)
Stlth    +.........             (no amulet)
HPRegen  0.16/turn              d - -4 ring of strength
MPRegen  0.10/turn              s - ring of see invisible

@: corroded
A: claws 1, fire resistance 1, magic shield
a: no special abilities


You were on level 4 of the Dungeon.
You visited 1 branch of the dungeon, and saw 4 of its levels.

You collected 181 gold pieces.

Inventory:

Hand Weapons
 r - a +3 quarterstaff of chaos
Missiles
 k - 10 poisoned darts (quivered)
Armour
 b - a +0 kite shield (worn)
 f - a +0 pair of gloves (worn)
 j - a +0 ring mail (worn)
 q - a +0 helmet (worn)
 u - a +1 cloak (worn)
Jewellery
 d - a -4 ring of strength (left hand)
 s - a ring of see invisible (right hand)
Scrolls
 e - a scroll of enchant weapon
 g - a scroll of amnesia {unknown}
 h - 3 scrolls of teleportation {unknown}
 l - 4 scrolls of remove curse
 m - 4 scrolls of identify
 n - 2 scrolls of immolation {unknown}
 o - 2 scrolls of fog {unknown}
 t - 2 scrolls of enchant armour {unknown}
Potions
 a - 2 potions of degeneration {unknown}
 c - a potion of flight {unknown}
 i - a potion of heal wounds
 p - 2 potions of berserk rage {unknown}
 v - a potion of attraction {unknown}


   Skills:
 * Level 3.9 Fighting
 + Level 4.0 Armour
 + Level 3.7 Shields
 * Level 4.9 Unarmed Combat


You had 5 spell levels left.
You didn't know any spells.
Your spell library was empty.

Dungeon Overview and Level Annotations

Branches:
Dungeon (4/15)
 Temple: D:4-7

Altars:

Annotations:
D:4 Ijyb


Innate Abilities, Weirdness & Mutations

You have sharp fingernails.
Your flesh is heat resistant. (rF+)
When hurt, damage is shared between your health and your magic reserves.


Message History

You are too injured to fight recklessly!
You are too injured to fight recklessly!
You are too injured to fight recklessly!
You are too injured to fight recklessly!
You are too injured to fight recklessly!
You are too injured to fight recklessly!
You are too injured to fight recklessly!
Unknown command.
You hit Ijyb but do no damage.
Ijyb is severely wounded.
You block Ijyb's attack.
You hit Ijyb.
Ijyb is severely wounded.
Ijyb completely misses you.
You hit Ijyb.
Ijyb is almost dead.
Ijyb zaps a wand.
The bolt of acid hits you!!
* * * LOW HITPOINT WARNING * * *
The acid corrodes you!
You are splashed with acid!
You die...

##.## #.# #....# #.#
#.# ####.# #.# #.# #.#
#.# #.# #.# ..#
######.######.#
#######.............#
..............####..#
######.####..####..####
#@# #............ #g#
#..####.#...# #.#
#......###..# #.#
#..##.## #.. #.#
#..###.###..# #.# #..#
##.#...#
#.####..####..#
#............###.#
#............#


You could see Ijyb.

Vanquished Creatures
  2 ogres
  Crazy Yiuf (D:3)
  An orc priest (D:3)
  Terence (D:3)
  Jessica (D:2)
  A worker ant (D:4)
  Robin (D:3)
  4 adders
  2 oozes
  7 worms
  3 dart slugs
  2 leopard geckos
  8 orcs
  11 bats
  11 goblins
  8 hobgoblins
  4 jackals
  2 quokkas (D:4)
  A ball python (D:4)
  6 frilled lizards
  13 kobolds
  A quokka skeleton (D:3)
  7 rats
98 creatures vanquished.

Notes
Turn   | Place    | Note
-------+----------+-------------------------------------------
     0 | D:1      | Majorwet the Demonspawn Fighter began the quest for the
                  | Orb.
     0 | D:1      | Reached XP level 1. HP: 18/18 MP: 1/1
   199 | D:1      | Gained mutation: You have sharp fingernails. [demonic
                  | ancestry]
   199 | D:1      | Reached XP level 2. HP: 24/24 MP: 2/2
   705 | D:1      | Gained mutation: Your flesh is heat resistant. (rF+)
                  | [demonic ancestry]
   705 | D:1      | Reached XP level 3. HP: 29/29 MP: 3/3
  1176 | D:2      | Noticed Jessica
  1195 | D:2      | Killed Jessica
  1196 | D:2      | Gained mutation: When hurt, damage is shared between your
                  | health and your magic reserves. [demonic ancestry]
  1196 | D:2      | Reached XP level 4. HP: 7/35 MP: 4/4
  1669 | D:2      | Upgraded the game from 0.26.0-90-g5fd8617961 to
                  | 0.26.0-91-g99b343417d
  3703 | D:3      | Reached XP level 5. HP: 20/41 MP: 2/5
  3870 | D:3      | Noticed Terence
  3899 | D:3      | Killed Terence
  4563 | D:3      | Noticed an ogre
  4581 | D:3      | Killed an ogre
  4582 | D:3      | Reached XP level 6. HP: 4/48 MP: 1/6
  4956 | D:3      | Noticed Robin
  5024 | D:3      | Killed Robin
  5568 | D:3      | Found a runed translucent door.
  5569 | D:3      | Noticed Crazy Yiuf
  5657 | D:3      | HP: 2/47 [Crazy Yiuf/+3 quarterstaff of chaos (1)]
  5671 | D:3      | Killed Crazy Yiuf
  6922 | D:4      | Noticed Ijyb
  6940 | D:4      | Splashed by Ijyb's acid

Illustrated notes

Levels and vault maps discovered:
D:1:      dpeg_arrival_rooms_c, layout_loops_ring, minmay_strange_pillars,
          supply_closet_lemuel
D:2:      layout_loops_ring, dk_noncrumbling_3, uniq_jessica
D:3:      layout_basic, uniq_robin, uniq_crazy_yiuf_cottage, uniq_terence
D:4:      layout_loops_ring, serial_shops, kennysheep_mini_moat, uniq_ijyb

Skill      XL: |  1  2  3  4  5  6 |
---------------+-------------------+-----
Unarmed Combat | 2 3 4 |  4.9
Shields        | 3 |  3.7
Armour         | 3 4 |  4.0
Fighting       | |  3.9

Action                   |  1- 3 |  4- 6 || total
-------------------------+-------+-------++-------
Melee: Unarmed           |   154 |   365 ||   519
  Use: Potion            |     2 |     4 ||     6
       Scroll            |       |     2 ||     2
Armor: Scale mail        |    18 |       ||    18
       Ring mail         |    91 |   120 ||   211
Dodge: Dodged            |    75 |   103 ||   178
Block: Kite shield       |    98 |   153 ||   251
